 Dungeon Crawl Stone Soup version 0.26-a0-612-gd4d190f45e (webtiles) character file.

Game seed: 15962436835939449329

9982 humannomore the Grappler (level 11, -1/157 HPs)
             Began as a Troll Berserker on Sept 10, 2020.
             Was a High Priest of Trog.
             Slain by a wolf (2 damage)
             ... on level 3 of the Lair of Beasts.
             The game lasted 00:53:11 (11624 turns).

humannomore the Grappler (Troll Berserker)         Turns: 11624, Time: 00:53:11

Health: -1/157     AC:  8    Str: 30    XL:     11   Next: 30%
Magic:  10/10      EV: 12    Int:  3    God:    Trog [*****.]
Gold:   559        SH:  0    Dex:  9    Spells: 10/10 levels left

rFire    . . .     SeeInvis .   b - +3 demon trident
rCold    . . .     Faith    .   (no shield)
rNeg     . . .     Spirit   .   a - +2 animal skin
rPois    +         Reflect  .   (helmet restricted)
rElec    .         Harm     .   (no cloak)
rCorr    .                      (gloves unavailable)
MR       .....                  (boots unavailable)
Stlth    ..........             (no amulet)
HPRegen  0.76/turn              k - ring of stealth
MPRegen  0.12/turn              w - ring of poison resistance

@: berserking, very quick
A: large, unfitting armour, claws 3, regeneration 1, shaggy fur 1, tough skin 3
a: Berserk, Trog's Hand, Brothers in Arms, Renounce Religion


You were on level 3 of the Lair of Beasts.
You worshipped Trog.
Trog was extremely pleased with you.
You visited 2 branches of the dungeon, and saw 12 of its levels.
You also visited: Ossuary.

You collected 671 gold pieces.
You spent 112 gold pieces at shops.

Inventory:

Hand Weapons
 b - a +3 demon trident (weapon)
 s - a cursed +3 trident of freezing
Armour
 a - a +2 animal skin (worn)
 z - a scarf of harm
Jewellery
 k - a ring of stealth (left claw)
 u - an uncursed ring of wizardry
 w - a ring of poison resistance (right claw)
 x - an uncursed ring of protection from fire
Wands
 g - a wand of random effects (16)
 o - a wand of acid (9)
 p - a wand of paralysis (2)
 v - a wand of digging (7)
 D - a wand of polymorph (10)
Scrolls
 c - 5 scrolls of teleportation
 f - 5 scrolls of remove curse
 j - 3 scrolls of fog
 n - a scroll of immolation
 t - 3 scrolls of blinking
 y - a scroll of noise
 A - a scroll of random uselessness {unknown}
 B - a scroll of identify
Potions
 d - a potion of brilliance
 e - 9 potions of curing
 h - a potion of flight
 i - 2 potions of lignification
 l - a potion of resistance
 m - a potion of berserk rage
 q - a potion of magic
 r - 2 potions of degeneration
 C - 2 potions of heal wounds


   Skills:
 + Level 5.9 Fighting
 + Level 6.1 Polearms
 + Level 7.1 Dodging
 + Level 3.6 Stealth
 + Level 11.3 Unarmed Combat
 + Level 0.2 Evocations


You had 10 spell levels left.
You didn't know any spells.
Your spell library contained the following spells:

 Spells                   Type           Power        Failure   Level
 Magic Dart               Conj           #...         52%         1
 Searing Ray              Conj           #.....       67%         2
 Dazzling Flash           Conj/Hex       #.....       88%         3
 Fulminant Prism          Conj/Hex       #.........   99%         4
 Iskenderun's Mystic Bla  Conj/Tloc      #.......     99%         4


Dungeon Overview and Level Annotations

Branches:
Dungeon (9/15)             Temple (0/1) D:6            Lair (3/6) D:8
  Swamp (0/4) Lair:3       Spider (0/4) Lair:2      Ossuary (visited)
    Orc: D:9-12

Altars:
Cheibriados
Dithmenos
Fedhas
Gozag
Okawaru
Qazlal
Ru
Trog
The Shining One

Shops:
D:6 ?

Annotations:
Lair:2 3 runed translucent doors, Gargoyl's ghost, journeyman GnAK


Innate Abilities, Weirdness & Mutations

You are too large for most types of armour.
You have claws for hands.
Your natural rate of healing is unusually fast.
You are covered in fur. (AC +1)
You have extremely tough skin. (AC +3)


Message History

The wolf completely misses you. The wolf closely misses you.
The wolf bites you!
* * * LOW HITPOINT WARNING * * *
You completely miss the wolf. Your claw misses the wolf.
The wolf barely misses you. The wolf bites you.
* * * LOW HITPOINT WARNING * * *
The wolf bites you.
* * * LOW HITPOINT WARNING * * *
The wolf closely misses you.
You closely miss the wolf. The wolf bites you.
* * * LOW HITPOINT WARNING * * *
The wolf misses you. The wolf closely misses you.
You puncture the wolf!
The wolf is severely wounded.
The wolf closely misses you. The wolf bites you.
* * * LOW HITPOINT WARNING * * *
The wolf misses you. The wolf bites you.
* * * LOW HITPOINT WARNING * * *
The wolf bites you.
You die...

,,,,,,,......................,,..
,,,,,,,.......................,..
,,,,,,,.......................,..
,,,,,,,..........................
,,*****..##................,,,,..
,,*****###P.....P.##...#...,,,,.#
,,**,,*.###.....P##,#$####.,,,,,,
,,***,,........h##,,,...**,,,,,,,
,,,,*,,........†@#,,,[..,*,,,,,,,
,,,,,,,.##.....hh#,,,,,,**,,,,,,,
,,,,,,,,*##.....S#,,,,,,**,,,,,**
,,*,*,,,,#.........,,,,,,*,,,,,,,
,,*******#......P#..,,,,,,,,,,,,*
,,,*,****#..........#,,,,*,,,,,,*
,,,*,,,*#.#.....###.#,,*,*,,,,,,*
,,,,,,,,.........,,..,,,,,,,,,,>,
,,,,,,,,,,,,,,,,,,,,,,,,,,,,,,,,,


You could see a water moccasin and 3 wolves.

Vanquished Creatures
  A hydra (Lair:1)
  Erica (Lair:1)
  Pikel (D:8)
  2 komodo dragons
  A hornet (Lair:3)
  5 hippogriffs
  4 yaks
  2 redbacks (Lair:2)
  A steam dragon (D:8)
  2 water moccasins
  2 hell hounds (Lair:1)
  3 orc warriors (D:7)
  7 porcupines
  A necrophage (D:6)
  A phantom (D:4)
  An ice beast (D:7)
  A black bear (D:7)
  4 ogres
  4 wolves
  4 centaurs
  2 crocodiles
  A big kobold (D:8)
  Blork the orc (D:6)
  2 bullfrogs
  6 elf skeletons (D:4)
  3 scorpions
  8 killer bees
  10 wights
  2 electric eels (D:6)
  A howler monkey (D:6)
  A bullfrog zombie (D:5)
  3 quasits
  2 orc priests
  6 hounds
  5 orc wizards
  A bullfrog skeleton (D:5)
  2 iguanas
  A human skeleton (D:4)
  7 worker ants
  A hound zombie (D:5)
  A hound skeleton (D:6)
  A worker ant zombie (D:8)
  7 gnolls
  5 adders
  2 shadow imps
  4 white imps
  An ooze (D:5)
  3 ufetubi
  2 adder skeletons
  2 adder zombies
  A worm (D:3)
  2 dart slugs
  2 leopard geckos (D:4)
  27 orcs
  10 bats
  3 giant cockroaches
  5 goblins
  7 hobgoblins
  10 jackals
  13 kobolds
  11 quokkas
  7 frilled lizards
  A jackal skeleton (D:5)
  A kobold zombie (Ossuary)
  2 leopard gecko skeletons
  4 orc skeletons (D:4)
  A quokka skeleton (D:8)
  4 rats
252 creatures vanquished.

Vanquished Creatures (others)
  2 fungi
  29 plants
31 creatures vanquished.

Grand Total: 283 creatures vanquished

Notes
Turn   | Place    | Note
-------+----------+-------------------------------------------
     0 | D:1      | humannomore the Troll Berserker began the quest for the
                  | Orb.
     0 | D:1      | Reached XP level 1. HP: 22/22 MP: 0/0
    52 | D:1      | Reached XP level 2. HP: 29/29 MP: 1/1
   215 | D:1      | Reached ** piety under Trog
   293 | D:1      | Reached XP level 3. HP: 26/36 MP: 2/2
   915 | D:2      | Reached XP level 4. HP: 33/44 MP: 3/3
   944 | D:2      | Reached skill level 4 in Unarmed Combat
  1564 | D:3      | Found a bloodstained altar of Trog.
  1564 | D:3      | Found a blossoming altar of Fedhas.
  1728 | D:3      | Found an iron altar of Okawaru.
  2085 | D:4      | Reached XP level 5. HP: 52/52 MP: 4/4
  2111 | D:4      | Noticed an ogre
  2118 | D:4      | Killed an ogre
  2118 | D:4      | Reached skill level 5 in Unarmed Combat
  2142 | D:4      | Reached *** piety under Trog
  2142 | D:4      | Reached XP level 6. HP: 61/61 MP: 5/5
  2377 | D:4      | Reached skill level 6 in Unarmed Combat
  2407 | D:4      | Reached XP level 7. HP: 56/67 MP: 6/6
  2440 | D:4      | Found a sand-covered staircase.
  2444 | D:4      | Reached skill level 1 in Stealth
  2474 | Ossuary  | Entered an ossuary
  2704 | D:4      | Reached skill level 7 in Unarmed Combat
  2825 | D:4      | Found a stormy altar of Qazlal.
  3086 | D:5      | Entered Level 5 of the Dungeon
  3111 | D:5      | Reached XP level 8. HP: 38/75 MP: 7/7
  3213 | D:5      | Found a shadowy altar of Dithmenos.
  3268 | D:5      | Reached skill level 8 in Unarmed Combat
  3489 | D:5      | Found a bloodstained altar of Trog.
  3536 | D:5      | Reached **** piety under Trog
  4078 | D:6      | Found a staircase to the Ecumenical Temple.
  4094 | D:6      | Reached skill level 9 in Unarmed Combat
  4104 | D:6      | Reached skill level 5 in Dodging
  4137 | D:6      | Found a sacrificial altar of Ru.
  4188 | D:6      | Found Kegofoupp's Magic Scroll Shop.
  4193 | D:6      | Noticed Blork the orc
  4207 | D:6      | Killed Blork the orc
  4208 | D:6      | Reached XP level 9. HP: 80/84 MP: 8/8
  4236 | D:6      | Bought a scroll of identify for 28 gold pieces
  4236 | D:6      | Bought a scroll of identify for 28 gold pieces
  4236 | D:6      | Bought a scroll of identify for 28 gold pieces
  4236 | D:6      | Bought a scroll of identify for 28 gold pieces
  4946 | D:7      | Reached skill level 10 in Unarmed Combat
  5065 | D:7      | Found a snail-covered altar of Cheibriados.
  5068 | D:7      | Reached ***** piety under Trog
  5154 | D:7      | Found an opulent altar of Gozag.
  6331 | D:9      | Reached skill level 11 in Unarmed Combat
  6916 | D:8      | HP: 2/84 [poisoned by a killer bee]
  7184 | D:8      | Received a gift from Trog
  7235 | D:8      | Reached XP level 10. HP: 86/93 MP: 9/9
  7507 | D:8      | Noticed Pikel
  7518 | D:8      | Killed Pikel
  7518 | D:8      | Reached skill level 1 in Polearms
  8039 | D:8      | Found a staircase to the Lair.
  8614 | Lair:1   | Entered Level 1 of the Lair of Beasts
  8866 | Lair:1   | Noticed Erica
  8884 | Lair:1   | Killed Erica
  8884 | Lair:1   | Reached skill level 5 in Fighting
  9184 | Lair:1   | Noticed a six-headed hydra
  9196 | Lair:1   | Killed a six-headed hydra
  9960 | Lair:1   | Reached skill level 5 in Polearms
  9960 | Lair:1   | Reached XP level 11. HP: 104/104 MP: 10/10
 10383 | Lair:2   | Noticed Gargoyl's ghost (journeyman GnAK)
 10387 | Lair:2   | Noticed a minotaur
 10398 | Lair:2   | Found a runed translucent gate.
 10398 | Lair:2   | Found a runed translucent gate.
 10398 | Lair:2   | Found a runed translucent gate.
 10401 | Lair:2   | Found a gate leading to a gauntlet.
 10664 | Lair:2   | Found a hole to the Spider Nest.
 11144 | Lair:3   | Found a glowing golden altar of the Shining One.
 11173 | Lair:3   | Noticed a six-headed hydra
 11522 | Lair:3   | Noticed a lindwurm
 11624 | Lair:3   | HP: 4/157 [wolf (5)]
 11624 | Lair:3   | HP: 1/157 [wolf (3)]
 11624 | Lair:3   | Slain by a wolf

Illustrated notes

Levels and vault maps discovered:
D:1:      heliophobic_arrival_dark_side_of_the_moon, layout_rooms, serial_glass,
          glass_columns_a, glass_columns_c
D:2:      layout_basic
D:3:      layout_loops_ring, okawaru_metal_pillars_1_2,
          chequers_temple_overflow_statue_of_worship
D:4:      layout_loops_cross, lemuel_crystal_altar,
          nicolae_ossuary_entry_catacombs
D:5:      layout_basic, basic_altar, nicolae_dithmenos_the_darkroom
D:6:      layout_rooms, hangedman_ru_absence, minmay_temple_entry_trees,
          serial_shops, shop, chequers_big_river, kennysheep_dice,
          uniq_blork_the_orc
D:7:      layout_cave_pools, overflow_temple_1_default, grunt_gozag_breadcrumbs
D:8:      layout_gridville, david_lair_shrubbed, uniq_pikel
D:9:      layout_cave_pools, minmay_ruined_shrine, uniq_joseph, uniq_harold,
          uniq_erolcha
Lair:1:   layout_layer_cave, enter_volcano_3, beast_lair_carwin_5, uniq_erica
Lair:2:   layout_regular_city, spider_nest_entry_webs, gauntlet_entry_generic,
          maelrawn_ghost_gauntlet_escape, beast_lair_carwin_10,
          serial_bayou_shore_a
Lair:3:   layout_regular_city, minmay_swamp_entry_eels, basic_altar

Skill      XL: |  1  2  3  4  5  6  7  8  9 10 11 |
---------------+----------------------------------+-----
Dodging        | 3 4 5 6 7 |  7.1
Unarmed Combat | 4 5 6 7 9 11 | 11.3
Fighting       | 3 4 5 |  5.9
Stealth        | 1 2 3 |  3.6
Polearms       | 5 6 |  6.1
Evocations     | |  0.2

Action                   |  1- 3 |  4- 6 |  7- 9 | 10-12 || total
-------------------------+-------+-------+-------+-------++-------
Melee: Unarmed           |    94 |   144 |   396 |       ||   634
       Punch             |     5 |     3 |    13 |     8 ||    29
       Demon trident     |       |       |     4 |   236 ||   240
Throw: Throwing net      |       |       |     1 |       ||     1
Invok: Berserk           |       |       |     7 |     7 ||    14
Evoke: Wand              |       |       |     1 |     1 ||     2
  Use: Scroll            |     3 |     3 |    14 |     3 ||    23
       Potion            |       |       |     4 |       ||     4
 Stab: Sleeping          |       |     3 |     5 |     3 ||    11
       Distracted        |       |       |     2 |     1 ||     3
       Paralysed         |       |       |       |     3 ||     3
Armor: Animal skin       |    12 |    43 |   146 |    71 ||   272
       Robe              |    19 |       |       |       ||    19
Dodge: Dodged            |    65 |    63 |   212 |   168 ||   508

Table legend: (Time is in decaauts)
 A = Elapsed time spent in this place.
 B = Non-inter-level travel time spent in this place.
 C = Inter-level travel time spent in this place.
 D = Time resting spent in this place.
 E = Time spent auto-exploring this place.
 F = Levels seen in this place.
 G = Mean time per level.
                   A        B        C        D        E       F      G
               +--------+--------+--------+--------+--------+-----+--------+
         Total |  11681 |  11335 |    346 |   3487 |   4713 |  13 |  898.5 |
       Dungeon |   8616 |   8270 |    346 |   2423 |   3668 |   9 |  957.3 |
          Lair |   3048 |   3048 |      0 |   1064 |   1045 |   3 | 1016.0 |
       Ossuary |     16 |     16 |      0 |      0 |      0 |   1 |   16.0 |
               +--------+--------+--------+--------+--------+-----+--------+

Top non-repeatable levels by time:
     D:8: 2055 daAuts
  Lair:1: 1670 daAuts
     D:7: 1670 daAuts
     D:4: 990 daAuts
     D:2: 981 daAuts
     D:6: 911 daAuts
  Lair:2: 898 daAuts
     D:5: 850 daAuts
     D:3: 577 daAuts
     D:1: 494 daAuts
  Lair:3: 480 daAuts
     D:9: 84 daAuts
 Ossuary: 16 daAuts
